Devils vs Wolves
(R1)
Created - February 29, 2024 at 22:52
Goals
|
| Devils |
3 |
4 |
1 |
8 |
| Wolves |
2 |
0 |
3 |
5 |
|
Shots
|
| Devils |
12 |
21 |
8 |
41 |
| Wolves |
9 |
3 |
12 |
24 |
|
1st period
1. Devils , Joonas Donskoi 22 (Brett Seney 35, Darren Dietz 42) at 9:38
2. Wolves , Thomas Spelling 29 (Fredrik Olofsson 19, Antti Suomela 39) at 11:18 (PP)
3. Devils , Darren Dietz 16 (Joonas Donskoi 38, Brett Seney 36) at 13:02 (PP)
4. Devils , Brett Seney 30 (Joonas Donskoi 39, Darren Dietz 43) at 17:02
5. Wolves , Antti Suomela 22 (Thomas Spelling 31) at 17:06
Penalties :
Jake Bean (Bin) for Unsportsmanlike conduct (Minor) at 1:54, Jake Bean (Bin) for Holding (Minor) at 10:39, Fredrik Olofsson (Chi) for Holding (Minor) at 12:56, Antti Suomela (Chi) for Holding (Minor) at 17:53
2nd period
6. Devils , Darren Dietz 17 (Joonas Donskoi 40, Valeri Nichushkin 30) at 0:53 (PP)
7. Devils , Brett Seney 31 (Valeri Nichushkin 31, Joonas Donskoi 41) at 5:21
8. Devils , Joonas Donskoi 23 (Valeri Nichushkin 32, Jake Bean 20) at 8:08
9. Devils , Joonas Donskoi 24 (Brett Seney 37) at 12:40 (PP)
Penalties :
Jonah Gadjovich (Chi) for Hooking (Minor) at 0:50, Pierre-Luc Dubois (Chi) for Fighting (Major) at 8:15, Darren Dietz (Bin) for Fighting (Major) at 8:15, Corey Shueneman (Chi) for Interference (Minor) at 12:37
3rd period
10. Devils , Jonny Brodzinski 24 (Valeri Nichushkin 33, Brett Seney 38) at 12:12
11. Wolves , Antti Suomela 23 (Fredrik Olofsson 20, Thomas Spelling 32) at 17:46
12. Wolves , Victor Olofsson 38 (Cedric Paquette 35) at 18:16 (PP)
13. Wolves , Cedric Paquette 24 (Victor Olofsson 32) at 19:02
Penalties :
Jalen Chatfield (Chi) for Hooking (Minor) at 3:24, Jonah Gadjovich (Chi) for Elbowing (Minor) at 8:14, Cedric Paquette (Chi) for Diving (Minor) at 14:08, Darren Dietz (Bin) for Interference (Minor) at 18:13
Goalie Stats
Juuse Saros (Bin), 19 saves from 24 shots - (0.792), W, 19-13-5, 60:00 minutes
Ebbe Siönäs (Chi), 9 saves from 13 shots - (0.692), 20:53 minutes
Cayden Primeau (Chi), 24 saves from 28 shots - (0.857), L, 9-15-3, 39:07 minutes
Players Stats for Devils
Player Name G A P +/- PIM S H SB GA TA FO MP PP MP PK MP
------------------------------------------------------------------------------------
Alan Quine 0 0 0 -2 0 3 1 0 0 0 7/12 18:24 3:26 0:59
Alexandre Texier 0 0 0 0 0 2 1 1 0 0 0/0 9:34 0:11 0:00
Brett Howden 0 0 0 0 0 0 1 0 0 1 0/4 9:17 0:00 0:00
Brett Seney 2 4 6 3 0 5 0 0 0 0 19/44 22:34 4:31 1:39
Christian Wolanin 0 0 0 1 0 2 1 1 0 2 0/0 21:11 3:14 1:11
Conor Garland 0 0 0 -2 0 2 6 0 0 0 0/0 17:01 3:26 0:00
Cristiano Digiacinto 0 0 0 1 0 0 2 0 0 1 0/0 10:14 0:11 0:14
Darren Dietz 2 2 4 -1 7 3 0 1 0 0 0/0 23:13 4:51 2:00
Eeli Tolvanen 0 0 0 0 0 1 1 0 0 0 0/0 9:11 0:00 0:00
Ilya Lyubushkin 0 0 0 -1 0 4 1 3 0 0 0/0 25:44 4:54 1:30
Jake Bean 0 1 1 1 4 3 0 1 0 0 0/0 21:42 3:17 0:03
Jonny Brodzinski 1 0 1 1 0 2 1 1 0 0 0/0 9:59 0:00 0:00
Joonas Donskoi 3 4 7 3 0 10 1 0 1 1 0/2 20:49 4:31 0:00
Marcus Bjork 0 0 0 2 0 0 0 0 0 0 0/0 13:19 0:00 0:00
Mason Marchment 0 0 0 -2 0 0 0 0 0 0 1/1 17:46 3:26 0:45
Reid Boucher 0 0 0 1 0 2 0 0 0 0 3/7 10:30 0:11 0:03
Valeri Nichushkin 0 4 4 3 0 2 5 0 1 2 1/3 22:43 4:31 1:42
Wyatt Kalynuk 0 0 0 2 0 0 1 0 0 0 0/0 14:04 0:00 0:38
Players Stats for Wolves
Player Name G A P +/- PIM S H SB GA TA FO MP PP MP PK MP
------------------------------------------------------------------------------------
Antti Suomela 2 1 3 2 2 3 1 0 0 1 11/14 18:58 1:05 3:07
Cedric Paquette 1 1 2 1 2 4 1 1 0 0 25/38 21:57 1:28 3:12
Corey Shueneman 0 0 0 -2 2 1 0 3 0 0 0/0 20:09 0:51 3:17
Fredrik Olofsson 0 2 2 1 2 2 2 0 0 0 0/0 18:37 0:56 3:01
Hayden Hodgson 0 0 0 -1 0 2 2 1 1 0 1/3 26:14 1:28 4:46
Jacob Middleton 0 0 0 -1 0 0 0 2 0 0 0/0 12:51 0:00 0:59
Jacob Olofsson 0 0 0 0 0 0 0 0 0 0 0/0 0:00 0:00 0:00
Jake Evans 0 0 0 -4 0 1 1 1 0 0 1/2 7:37 0:17 0:00
Jalen Chatfield 0 0 0 2 2 0 2 2 0 0 0/0 27:00 1:50 3:27
Jasper Weatherby 0 0 0 0 0 0 0 0 1 0 1/1 3:24 0:08 1:38
Jonah Gadjovich 0 0 0 -1 4 1 3 0 0 0 0/0 12:52 0:00 0:21
Kyle Capobianco 0 0 0 -2 0 0 2 1 0 0 0/0 11:42 0:00 0:24
Maksim Sushko 0 0 0 -2 0 0 0 0 0 0 0/1 12:09 0:08 0:00
Philip Larsen 0 0 0 1 0 1 1 2 0 1 0/0 27:24 1:50 4:37
Pierre-Luc Dubois 0 0 0 -2 5 0 0 0 1 0 1/5 10:54 0:00 0:00
Sasha Chmelevski 0 0 0 0 0 0 0 0 0 0 0/0 0:24 0:00 0:11
Stelio Mattheos 0 0 0 -3 0 0 0 0 0 0 0/1 5:43 0:00 0:00
Thomas Spelling 1 2 3 2 0 4 2 0 1 0 2/3 14:57 1:05 0:00
Victor Mete 0 0 0 -2 0 2 1 2 1 0 0/0 20:17 0:51 3:32
Victor Olofsson 1 1 2 1 0 3 2 0 2 0 0/5 18:35 1:28 0:00
3 Stars
1 - Joonas Donskoi (Bin)
2 - Brett Seney (Bin)
3 - Valeri Nichushkin (Bin)
Power Play
Devils - 3 on 7 Attempt(s) - 42.86%
Wolves - 2 on 3 Attempt(s) - 66.67%
Penalty Kill
Devils - 1 on 3 Attempt(s) - 33.33%
- Score 0 goal in Penalty Kill
Wolves - 4 on 7 Attempt(s) - 57.14%
- Score 0 goal in Penalty Kill
Team Stat
Devils - Hits : 22 - Faceoff Wins : 31 - Blocked Shots : 8 - Penalty Minutes : 11
Wolves - Hits : 20 - Faceoff Wins : 42 - Blocked Shots : 15 - Penalty Minutes : 19
Official
Referees : Justin St. Pierre and Garrett Rank
Linesman : Derek Nansen and Tony Sericolo
Game Notes
Cayden Primeau enters game at 0:53 of 2nd period
Darren Dietz beats up Pierre-Luc Dubois at 8:15 of 2nd period
Joonas Donskoi has scored a Hat Trick!
Finance
Level 1 -- Attendance: 1945 (97.25%) -- Ticket Income $136,150
Level 2 -- Attendance: 1000 (100.00%) -- Ticket Income $40,000
Total Attendance: 2945 (98.17%)
Total Ticket Income: $176,150
Other Income: $8,808
Total Income: $184,958
Devils
5 vs 5 Forward
Center Left Wing Right Wing Time % Phy DF OF
1 Brett Seney Valeri Nichushkin Joonas Donskoi 36 0 2 3
2 Alan Quine Mason Marchment Conor Garland 28 0 2 3
3 Reid Boucher Cristiano Digiacinto Jonny Brodzinski 18 0 2 3
4 Brett Howden Eeli Tolvanen Alexandre Texier 18 0 2 3
5 vs 5 Defense
Defense Defense Time % Phy DF OF
1 Darren Dietz Ilya Lyubushkin 40 1 3 1
2 Christian Wolanin Jake Bean 32 1 3 1
3 Wyatt Kalynuk Marcus Bjork 28 1 3 1
4 Darren Dietz Ilya Lyubushkin 0 1 3 1
PowerPlay Forward
Center Left Wing Right Wing Time % Phy DF OF
1 Brett Seney Valeri Nichushkin Joonas Donskoi 60 0 0 5
2 Alan Quine Mason Marchment Conor Garland 40 0 0 5
PowerPlay Defense
Defense Defense Time % Phy DF OF
1 Darren Dietz Ilya Lyubushkin 60 0 2 3
2 Christian Wolanin Jake Bean 40 0 2 3
Penalty Kill 4 Players Forward
Center Wing Time % Phy DF OF
1 Brett Seney Valeri Nichushkin 60 1 3 1
2 Alan Quine Mason Marchment 40 1 3 1
Penalty Kill 4 Players Defense
Defense Defense Time % Phy DF OF
1 Darren Dietz Ilya Lyubushkin 60 1 4 0
2 Christian Wolanin Jake Bean 40 1 4 0
Penalty Kill - 3 Players Forward
Forward Time % Phy DF OF
1 Brett Seney 60 1 3 1
2 Alan Quine 40 1 3 1
Penalty Kill - 3 Players Defense
Defense Defense Time % Phy DF OF
1 Darren Dietz Ilya Lyubushkin 60 1 4 0
2 Christian Wolanin Jake Bean 40 1 4 0
4 vs 4 Forward
Center Wing Time % Phy DF OF
1 Brett Seney Valeri Nichushkin 60 0 2 3
2 Alan Quine Mason Marchment 40 0 2 3
4 vs 4 Defense
Defense Defense Time % Phy DF OF
1 Darren Dietz Ilya Lyubushkin 60 0 3 2
2 Christian Wolanin Jake Bean 40 0 3 2
Last Minutes Offensive
Center Left Wing Right Wing Defense Defense
Brett Seney Valeri Nichushkin Joonas Donskoi Darren Dietz Ilya Lyubushkin
Last Minutes Defensive
Center Left Wing Right Wing Defense Defense
Brett Seney Valeri Nichushkin Joonas Donskoi Darren Dietz Ilya Lyubushkin
Goaltenders
Starting : Juuse Saros
Backup : Jordan Binnington
Extra Forwards
Normal : Alan Quine, Reid Boucher, Jonny Brodzinski - PP : Alan Quine, Reid Boucher - PK : Alan Quine
Extra Defensemen
Normal : Jake Bean, Wyatt Kalynuk, Marcus Bjork - PP : Jake Bean - PK : Jake Bean, Wyatt Kalynuk
Penalty Shots
Valeri Nichushkin, Joonas Donskoi, Conor Garland, Brett Seney, Alan Quine
Custom OT Lines Forwards
Valeri Nichushkin, Joonas Donskoi, Conor Garland, Brett Seney, Alan Quine, Reid Boucher, Jonny Brodzinski, Mason Marchment, Brett Howden, Alexandre Texier
Custom OT Lines Defensemen
Darren Dietz, Ilya Lyubushkin, Christian Wolanin, Jake Bean, Wyatt Kalynuk
Scratches
Nicolas Roy (Healthy), Filip Roos (Healthy), Vincent Desharnais (Healthy), Tim Gettinger (Healthy), Akira Schmid (Left Leg Injury)
Wolves
5 vs 5 Forward
Center Left Wing Right Wing Time % Phy DF OF
1 Cedric Paquette Hayden Hodgson Victor Olofsson 40 1 1 3
2 Antti Suomela Fredrik Olofsson Thomas Spelling 30 1 1 3
3 Pierre-Luc Dubois Jonah Gadjovich Maksim Sushko 20 1 2 2
4 Jake Evans Hayden Hodgson Stelio Mattheos 10 2 2 1
5 vs 5 Defense
Defense Defense Time % Phy DF OF
1 Philip Larsen Jalen Chatfield 40 1 3 1
2 Corey Shueneman Victor Mete 30 1 2 2
3 Jacob Middleton Kyle Capobianco 20 1 3 1
4 Philip Larsen Jalen Chatfield 10 1 1 3
PowerPlay Forward
Center Left Wing Right Wing Time % Phy DF OF
1 Cedric Paquette Hayden Hodgson Victor Olofsson 60 1 1 3
2 Antti Suomela Fredrik Olofsson Thomas Spelling 40 1 1 3
PowerPlay Defense
Defense Defense Time % Phy DF OF
1 Philip Larsen Jalen Chatfield 60 1 2 2
2 Corey Shueneman Victor Mete 40 1 2 2
Penalty Kill 4 Players Forward
Center Wing Time % Phy DF OF
1 Cedric Paquette Hayden Hodgson 60 1 2 2
2 Antti Suomela Fredrik Olofsson 40 1 2 2
Penalty Kill 4 Players Defense
Defense Defense Time % Phy DF OF
1 Philip Larsen Jalen Chatfield 60 1 2 2
2 Corey Shueneman Victor Mete 40 1 2 2
Penalty Kill - 3 Players Forward
Forward Time % Phy DF OF
1 Cedric Paquette 60 1 2 2
2 Antti Suomela 40 1 2 2
Penalty Kill - 3 Players Defense
Defense Defense Time % Phy DF OF
1 Philip Larsen Jalen Chatfield 60 1 2 2
2 Corey Shueneman Victor Mete 40 1 2 2
4 vs 4 Forward
Center Wing Time % Phy DF OF
1 Cedric Paquette Hayden Hodgson 60 1 2 2
2 Antti Suomela Fredrik Olofsson 40 1 2 2
4 vs 4 Defense
Defense Defense Time % Phy DF OF
1 Philip Larsen Jalen Chatfield 60 1 2 2
2 Corey Shueneman Victor Mete 40 1 2 2
Last Minutes Offensive
Center Left Wing Right Wing Defense Defense
Cedric Paquette Hayden Hodgson Victor Olofsson Philip Larsen Jalen Chatfield
Last Minutes Defensive
Center Left Wing Right Wing Defense Defense
Cedric Paquette Hayden Hodgson Victor Olofsson Philip Larsen Jalen Chatfield
Goaltenders
Starting : Ebbe Siönäs
Backup : Cayden Primeau
Extra Forwards
Normal : Hayden Hodgson, Jake Evans, Pierre-Luc Dubois - PP : Hayden Hodgson, Jake Evans - PK : Hayden Hodgson
Extra Defensemen
Normal : Victor Mete, Jacob Middleton, Kyle Capobianco - PP : Victor Mete - PK : Victor Mete, Jacob Middleton
Penalty Shots
Victor Olofsson, Cedric Paquette, Antti Suomela, Thomas Spelling, Hayden Hodgson
Custom OT Lines Forwards
Victor Olofsson, Cedric Paquette, Antti Suomela, Thomas Spelling, Hayden Hodgson, Jake Evans, Pierre-Luc Dubois, Fredrik Olofsson, Jonah Gadjovich, Jasper Weatherby
Custom OT Lines Defensemen
Philip Larsen, Jalen Chatfield, Corey Shueneman, Victor Mete, Jacob Middleton
Scratches
Eric Robinson (Healthy), Jakub Zboril (Healthy), Jordan Harris (Healthy), Matthew Kiersted (Healthy), Parker Kelly (Healthy)
Dylan Coghlan (Healthy), Wade Allison (Left Wrist Injury), Ian Scott (Healthy)
% Time on Ice - Devils
Lines # - Real PCT - Wanted PCT - Time Play
Normal Forward
1 - 34% - 36% - 16:50
2 - 28% - 28% - 13:35
3 - 19% - 18% - 9:35
4 - 19% - 18% - 9:11
Normal Defense
1 - 41% - 40% - 19:57
2 - 32% - 32% - 15:52
3 - 27% - 28% - 13:22
4 - 0% - 0% - 0:00
PP Forward
1 - 58% - 60% - 4:42
2 - 42% - 40% - 3:26
PP Defense
1 - 60% - 60% - 4:54
2 - 40% - 40% - 3:14
PK Forward
1 - 72% - 60% - 1:56
2 - 28% - 40% - 0:45
PK Defense
1 - 56% - 60% - 1:30
2 - 44% - 40% - 1:11
PK3 Forward
1 - 0% - 60%
2 - 0% - 40%
PK3 Defense
1 - 0% - 60%
2 - 0% - 40%
44 Forward
1 - 0% - 60%
2 - 0% - 40%
44 Defense
1 - 0% - 60%
2 - 0% - 40%
Last Minute Offensive - 0:00
Last Minute Defensive - 0:00
Total
Forward - 60:00
Defense - 60:00
|
% Time on Ice - Wolves
Lines # - Real PCT - Wanted PCT - Time Play
Normal Forward
1 - 36% - 40% - 17:35
2 - 28% - 30% - 13:52
3 - 24% - 20% - 12:01
4 - 12% - 10% - 5:43
Normal Defense
1 - 42% - 40% - 20:26
2 - 32% - 30% - 15:39
3 - 22% - 20% - 10:46
4 - 5% - 10% - 2:20
PP Forward
1 - 60% - 60% - 1:36
2 - 40% - 40% - 1:05
PP Defense
1 - 68% - 60% - 1:50
2 - 32% - 40% - 0:51
PK Forward
1 - 86% - 60% - 7:01
2 - 14% - 40% - 1:07
PK Defense
1 - 62% - 60% - 5:01
2 - 38% - 40% - 3:07
PK3 Forward
1 - 0% - 60%
2 - 0% - 40%
PK3 Defense
1 - 0% - 60%
2 - 0% - 40%
44 Forward
1 - 0% - 60%
2 - 0% - 40%
44 Defense
1 - 0% - 60%
2 - 0% - 40%
Last Minute Offensive - 0:00
Last Minute Defensive - 0:00
Total
Forward - 60:00
Defense - 60:00
|
Play-by-Play
1st period
0:01 of 1st period - Brett Seney wins face-off versus Cedric Paquette in neutral zone.
1:27 of 1st period - Snap shot by Joonas Donskoi.
1:27 of 1st period - Shot Misses the Net.
1:29 of 1st period - Slapshot by Jake Bean.
1:29 of 1st period - Stopped by Ebbe Siönäs with a rebound.
1:31 of 1st period - Backhand shot by Christian Wolanin.
1:31 of 1st period - Shot Misses the Net.
1:33 of 1st period - Snap shot by Jake Bean.
1:33 of 1st period - Shot Misses the Net.
1:35 of 1st period - Snap shot by Brett Seney.
1:35 of 1st period - Stopped by Ebbe Siönäs without a rebound.
1:36 of 1st period - Alan Quine wins face-off versus Pierre-Luc Dubois in Wolves zone.
1:54 of 1st period - Minor Penalty to Jake Bean for Unsportsmanlike conduct.
1:55 of 1st period - Brett Seney wins face-off versus Victor Olofsson in Devils zone.
1:55 of 1st period - Brett Seney is hit by Hayden Hodgson.
3:54 of 1st period - Penalty to Jake Bean is over, Jake Bean is back on ice.
4:25 of 1st period - Snap shot by Brett Howden.
4:25 of 1st period - Shot Blocked by Jake Evans.
6:10 of 1st period - Wrist shot by Eeli Tolvanen.
6:10 of 1st period - Stopped by Ebbe Siönäs with a rebound.
6:41 of 1st period - Antti Suomela is hit by Brett Howden and loses puck.
7:04 of 1st period - Corey Shueneman is hit by Ilya Lyubushkin and loses puck.
7:28 of 1st period - Jalen Chatfield is hit by Valeri Nichushkin and loses puck.
7:41 of 1st period - Wyatt Kalynuk is hit by Thomas Spelling and loses puck.
8:58 of 1st period - Brett Howden is hit by Cedric Paquette and loses puck.
9:08 of 1st period - Corey Shueneman is hit by Eeli Tolvanen and loses puck.
9:30 of 1st period - Icing by Alan Quine.
9:31 of 1st period - Brett Seney wins face-off versus Maksim Sushko in Devils zone.
9:38 of 1st period - Snap shot by Joonas Donskoi.
9:38 of 1st period - Goal by Joonas Donskoi - Devils : 1 - Wolves : 0.
9:39 of 1st period - Cedric Paquette wins face-off versus Brett Seney in neutral zone.
9:48 of 1st period - Wrist shot by Valeri Nichushkin.
9:48 of 1st period - Shot Misses the Net.
10:10 of 1st period - Snap shot by Thomas Spelling.
10:10 of 1st period - Stopped by Juuse Saros with a rebound.
10:28 of 1st period - Slapshot by Philip Larsen.
10:28 of 1st period - Deflect By Jake Evans.
10:28 of 1st period - Stopped by Juuse Saros without a rebound.
10:29 of 1st period - Jake Evans wins face-off versus Reid Boucher in Devils zone.
10:30 of 1st period - Snap shot by Hayden Hodgson.
10:30 of 1st period - Stopped by Juuse Saros without a rebound.
10:31 of 1st period - Cedric Paquette wins face-off versus Brett Seney in Devils zone.
10:39 of 1st period - Minor Penalty to Jake Bean for Holding.
10:40 of 1st period - Cedric Paquette wins face-off versus Brett Seney in Devils zone.
11:18 of 1st period - Wrist shot by Thomas Spelling.
11:18 of 1st period - Goal by Thomas Spelling - Devils : 1 - Wolves : 1.
11:19 of 1st period - Cedric Paquette wins face-off versus Alan Quine in neutral zone.
11:23 of 1st period - Off-side.
11:24 of 1st period - Alan Quine wins face-off versus Victor Olofsson in neutral zone.
12:16 of 1st period - Off-side.
12:17 of 1st period - Cedric Paquette wins face-off versus Alan Quine in neutral zone.
12:56 of 1st period - Minor Penalty to Fredrik Olofsson for Holding.
12:57 of 1st period - Brett Seney wins face-off versus Cedric Paquette in Wolves zone.
12:58 of 1st period - Wrist shot by Joonas Donskoi.
12:58 of 1st period - Stopped by Ebbe Siönäs with a rebound.
13:00 of 1st period - Backhand shot by Joonas Donskoi.
13:00 of 1st period - Shot Misses the Net.
13:02 of 1st period - Slapshot by Darren Dietz.
13:02 of 1st period - Deflect By Cedric Paquette.
13:02 of 1st period - Goal by Darren Dietz - Devils : 2 - Wolves : 1.
13:03 of 1st period - Cedric Paquette wins face-off versus Brett Seney in neutral zone.
13:10 of 1st period - Snap shot by Cedric Paquette.
13:10 of 1st period - Shot Blocked by Christian Wolanin.
13:12 of 1st period - Snap shot by Hayden Hodgson.
13:12 of 1st period - Stopped by Juuse Saros without a rebound.
13:13 of 1st period - Brett Seney wins face-off versus Cedric Paquette in Devils zone.
13:13 of 1st period - Brett Seney is hit by Victor Olofsson.
13:31 of 1st period - Snap shot by Cedric Paquette.
13:31 of 1st period - Stopped by Juuse Saros without a rebound.
13:32 of 1st period - Alan Quine wins face-off versus Thomas Spelling in Devils zone.
13:39 of 1st period - Wrist shot by Conor Garland.
13:39 of 1st period - Stopped by Ebbe Siönäs with a rebound.
13:57 of 1st period - Brett Seney is hit by Hayden Hodgson and loses puck.
14:06 of 1st period - Wrist shot by Victor Mete.
14:06 of 1st period - Stopped by Juuse Saros without a rebound.
14:07 of 1st period - Antti Suomela wins face-off versus Brett Howden in Devils zone.
15:06 of 1st period - Backhand shot by Jonah Gadjovich.
15:06 of 1st period - Stopped by Juuse Saros without a rebound.
15:07 of 1st period - Cedric Paquette wins face-off versus Reid Boucher in Devils zone.
15:12 of 1st period - Wrist shot by Hayden Hodgson.
15:12 of 1st period - Deflect By Cedric Paquette.
15:12 of 1st period - Shot Blocked by Darren Dietz.
15:12 of 1st period - Puck is out of play.
15:13 of 1st period - Cedric Paquette wins face-off versus Reid Boucher in Devils zone.
15:14 of 1st period - Wrist shot by Hayden Hodgson.
15:14 of 1st period - Shot Misses the Net.
15:20 of 1st period - Slapshot by Ilya Lyubushkin.
15:20 of 1st period - Stopped by Ebbe Siönäs without a rebound.
15:21 of 1st period - Brett Seney wins face-off versus Cedric Paquette in Wolves zone.
15:22 of 1st period - Snap shot by Joonas Donskoi.
15:22 of 1st period - Stopped by Ebbe Siönäs without a rebound.
15:23 of 1st period - Brett Seney wins face-off versus Cedric Paquette in Wolves zone.
15:24 of 1st period - Wrist shot by Joonas Donskoi.
15:24 of 1st period - Stopped by Ebbe Siönäs with a rebound.
15:26 of 1st period - Slapshot by Valeri Nichushkin.
15:26 of 1st period - Stopped by Ebbe Siönäs without a rebound.
15:27 of 1st period - Cedric Paquette wins face-off versus Brett Seney in Wolves zone.
16:15 of 1st period - Pierre-Luc Dubois is hit by Cristiano Digiacinto and loses puck.
16:38 of 1st period - Wrist shot by Brett Howden.
16:38 of 1st period - Shot Blocked by Corey Shueneman.
16:40 of 1st period - Wrist shot by Alexandre Texier.
16:40 of 1st period - Shot Blocked by Victor Mete.
16:42 of 1st period - Wrist shot by Marcus Bjork.
16:42 of 1st period - Shot Misses the Net.
16:44 of 1st period - Slapshot by Wyatt Kalynuk.
16:44 of 1st period - Shot Blocked by Corey Shueneman.
17:02 of 1st period - Wrist shot by Brett Seney.
17:02 of 1st period - Deflect By Jake Evans.
17:02 of 1st period - Goal by Brett Seney - Devils : 3 - Wolves : 1.
17:03 of 1st period - Antti Suomela wins face-off versus Alan Quine in neutral zone.
17:06 of 1st period - Snap shot by Antti Suomela.
17:06 of 1st period - Goal by Antti Suomela - Devils : 3 - Wolves : 2.
17:07 of 1st period - Alan Quine wins face-off versus Cedric Paquette in neutral zone.
17:53 of 1st period - Minor Penalty to Antti Suomela for Holding.
17:54 of 1st period - Cedric Paquette wins face-off versus Brett Seney in Wolves zone.
18:21 of 1st period - Cedric Paquette is hit by Conor Garland and loses puck.
19:29 of 1st period - Philip Larsen is hit by Christian Wolanin.
19:51 of 1st period - Alan Quine is hit by Victor Mete and loses puck.
19:53 of 1st period - Penalty to Antti Suomela is over, Antti Suomela is back on ice.
Goals for this period are 3 for Devils vs 2 for Wolves.
Shots for this period are 12 for Devils vs 9 for Wolves.
2nd period
0:01 of 2nd period - Brett Seney wins face-off versus Victor Olofsson in neutral zone.
0:43 of 2nd period - Icing by Alan Quine.
0:44 of 2nd period - Mason Marchment wins face-off versus Pierre-Luc Dubois in Devils zone.
0:50 of 2nd period - Minor Penalty to Jonah Gadjovich for Hooking.
0:51 of 2nd period - Valeri Nichushkin wins face-off versus Cedric Paquette in Wolves zone.
0:53 of 2nd period - Slapshot by Darren Dietz.
0:53 of 2nd period - Goal by Darren Dietz - Devils : 4 - Wolves : 2.
0:53 of 2nd period - Cayden Primeau enters game.
0:54 of 2nd period - Cedric Paquette wins face-off versus Brett Seney in neutral zone.
1:03 of 2nd period - Slapshot by Cedric Paquette.
1:03 of 2nd period - Stopped by Juuse Saros without a rebound.
1:04 of 2nd period - Hayden Hodgson wins face-off versus Brett Seney in Devils zone.
1:27 of 2nd period - Snap shot by Brett Seney.
1:27 of 2nd period - Stopped by Cayden Primeau without a rebound.
1:28 of 2nd period - Reid Boucher wins face-off versus Antti Suomela in Wolves zone.
1:33 of 2nd period - Snap shot by Reid Boucher.
1:33 of 2nd period - Stopped by Cayden Primeau with a rebound.
1:35 of 2nd period - Slapshot by Reid Boucher.
1:35 of 2nd period - Shot Misses the Net.
1:37 of 2nd period - Wrist shot by Jonny Brodzinski.
1:37 of 2nd period - Stopped by Cayden Primeau with a rebound.
1:39 of 2nd period - Wrist shot by Cristiano Digiacinto.
1:39 of 2nd period - Shot Misses the Net.
1:41 of 2nd period - Snap shot by Cristiano Digiacinto.
1:41 of 2nd period - Shot Misses the Net.
1:43 of 2nd period - Wrist shot by Reid Boucher.
1:43 of 2nd period - Stopped by Cayden Primeau without a rebound.
1:44 of 2nd period - Cedric Paquette wins face-off versus Brett Howden in Wolves zone.
2:09 of 2nd period - Ilya Lyubushkin is hit by Jonah Gadjovich and loses puck.
2:14 of 2nd period - Wrist shot by Pierre-Luc Dubois.
2:14 of 2nd period - Shot Blocked by Ilya Lyubushkin.
2:18 of 2nd period - Snap shot by Pierre-Luc Dubois.
2:18 of 2nd period - Deflect By Jonah Gadjovich.
2:18 of 2nd period - Shot Misses the Net.
2:18 of 2nd period - Puck is out of play.
2:19 of 2nd period - Antti Suomela wins face-off versus Joonas Donskoi in Devils zone.
2:26 of 2nd period - Slapshot by Jake Bean.
2:26 of 2nd period - Deflect By Brett Seney.
2:26 of 2nd period - Shot Blocked by Jalen Chatfield.
2:26 of 2nd period - Puck is out of play.
2:27 of 2nd period - Antti Suomela wins face-off versus Valeri Nichushkin in Wolves zone.
2:56 of 2nd period - Slapshot by Jake Bean.
2:56 of 2nd period - Stopped by Cayden Primeau without a rebound.
2:57 of 2nd period - Cedric Paquette wins face-off versus Reid Boucher in Wolves zone.
3:10 of 2nd period - Slapshot by Ilya Lyubushkin.
3:10 of 2nd period - Shot Misses the Net.
3:12 of 2nd period - Slapshot by Darren Dietz.
3:12 of 2nd period - Shot Misses the Net.
3:41 of 2nd period - Snap shot by Joonas Donskoi.
3:41 of 2nd period - Stopped by Cayden Primeau without a rebound.
3:42 of 2nd period - Antti Suomela wins face-off versus Brett Seney in Wolves zone.
4:15 of 2nd period - Slapshot by Alexandre Texier.
4:15 of 2nd period - Stopped by Cayden Primeau with a rebound.
4:51 of 2nd period - Snap shot by Antti Suomela.
4:51 of 2nd period - Shot Misses the Net.
4:53 of 2nd period - Slapshot by Corey Shueneman.
4:53 of 2nd period - Shot Misses the Net.
4:55 of 2nd period - Snap shot by Corey Shueneman.
4:55 of 2nd period - Shot Misses the Net.
4:57 of 2nd period - Slapshot by Fredrik Olofsson.
4:57 of 2nd period - Shot Misses the Net.
5:11 of 2nd period - Wrist shot by Joonas Donskoi.
5:11 of 2nd period - Stopped by Cayden Primeau without a rebound.
5:12 of 2nd period - Brett Seney wins face-off versus Pierre-Luc Dubois in Wolves zone.
5:19 of 2nd period - Wrist shot by Valeri Nichushkin.
5:19 of 2nd period - Shot Misses the Net.
5:21 of 2nd period - Wrist shot by Brett Seney.
5:21 of 2nd period - Goal by Brett Seney - Devils : 5 - Wolves : 2.
5:22 of 2nd period - Alan Quine wins face-off versus Victor Olofsson in neutral zone.
5:25 of 2nd period - Snap shot by Alan Quine.
5:25 of 2nd period - Shot Misses the Net.
5:27 of 2nd period - Snap shot by Conor Garland.
5:27 of 2nd period - Shot Blocked by Cedric Paquette.
5:29 of 2nd period - Wrist shot by Conor Garland.
5:29 of 2nd period - Shot Blocked by Kyle Capobianco.
5:31 of 2nd period - Snap shot by Alan Quine.
5:31 of 2nd period - Stopped by Cayden Primeau without a rebound.
5:32 of 2nd period - Alan Quine wins face-off versus Cedric Paquette in Wolves zone.
6:43 of 2nd period - Wrist shot by Alan Quine.
6:43 of 2nd period - Stopped by Cayden Primeau without a rebound.
6:44 of 2nd period - Antti Suomela wins face-off versus Brett Seney in Wolves zone.
7:11 of 2nd period - Brett Howden is hit by Jonah Gadjovich.
8:04 of 2nd period - Snap shot by Joonas Donskoi.
8:04 of 2nd period - Shot Blocked by Hayden Hodgson.
8:06 of 2nd period - Snap shot by Valeri Nichushkin.
8:06 of 2nd period - Stopped by Cayden Primeau with a rebound.
8:08 of 2nd period - Wrist shot by Valeri Nichushkin.
8:08 of 2nd period - Deflect By Joonas Donskoi.
8:08 of 2nd period - Goal by Joonas Donskoi - Devils : 6 - Wolves : 2.
8:09 of 2nd period - Brett Seney wins face-off versus Pierre-Luc Dubois in neutral zone.
8:12 of 2nd period - Slapshot by Darren Dietz.
8:12 of 2nd period - Stopped by Cayden Primeau with a rebound.
8:14 of 2nd period - Slapshot by Ilya Lyubushkin.
8:14 of 2nd period - Stopped by Cayden Primeau with a rebound.
8:15 of 2nd period - Darren Dietz beats up Pierre-Luc Dubois.
8:15 of 2nd period - Penalty to Pierre-Luc Dubois for Fighting.
8:15 of 2nd period - Penalty to Darren Dietz for Fighting.
8:16 of 2nd period - Cedric Paquette wins face-off versus Brett Seney in Wolves zone.
8:42 of 2nd period - Brett Howden is hit by Fredrik Olofsson and loses puck.
8:47 of 2nd period - Wrist shot by Fredrik Olofsson.
8:47 of 2nd period - Shot Misses the Net.
8:53 of 2nd period - Wrist shot by Thomas Spelling.
8:53 of 2nd period - Shot Misses the Net.
9:09 of 2nd period - Snap shot by Hayden Hodgson.
9:09 of 2nd period - Deflect By Jonah Gadjovich.
9:09 of 2nd period - Shot Misses the Net.
9:09 of 2nd period - Puck is out of play.
9:10 of 2nd period - Brett Seney wins face-off versus Hayden Hodgson in Devils zone.
9:19 of 2nd period - Slapshot by Victor Mete.
9:19 of 2nd period - Stopped by Juuse Saros with a rebound.
9:37 of 2nd period - Wyatt Kalynuk is hit by Victor Olofsson and loses puck.
10:06 of 2nd period - Brett Howden is hit by Kyle Capobianco and loses puck.
10:15 of 2nd period - Snap shot by Marcus Bjork.
10:15 of 2nd period - Deflect By Alexandre Texier.
10:15 of 2nd period - Stopped by Cayden Primeau with a rebound.
10:31 of 2nd period - Jalen Chatfield is hit by Joonas Donskoi.
11:00 of 2nd period - Corey Shueneman is hit by Conor Garland and loses puck.
11:14 of 2nd period - Jalen Chatfield is hit by Valeri Nichushkin and loses puck.
11:28 of 2nd period - Jonah Gadjovich is hit by Valeri Nichushkin.
12:16 of 2nd period - Hayden Hodgson is hit by Conor Garland and loses puck.
12:29 of 2nd period - Cedric Paquette is hit by Jonny Brodzinski.
12:30 of 2nd period - Icing by Cedric Paquette.
12:31 of 2nd period - Reid Boucher wins face-off versus Cedric Paquette in Wolves zone.
12:37 of 2nd period - Minor Penalty to Corey Shueneman for Interference.
12:38 of 2nd period - Brett Seney wins face-off versus Cedric Paquette in Wolves zone.
12:38 of 2nd period - Wrist shot by Joonas Donskoi.
12:38 of 2nd period - Shot Misses the Net.
12:40 of 2nd period - Backhand shot by Joonas Donskoi.
12:40 of 2nd period - Goal by Joonas Donskoi - Devils : 7 - Wolves : 2.
12:41 of 2nd period - Cedric Paquette wins face-off versus Brett Seney in neutral zone.
12:44 of 2nd period - Slapshot by Victor Olofsson.
12:44 of 2nd period - Shot Blocked by Jake Bean.
13:06 of 2nd period - Alan Quine is hit by Thomas Spelling and loses puck.
13:13 of 2nd period - Slapshot by Antti Suomela.
13:13 of 2nd period - Stopped by Juuse Saros with a rebound.
13:17 of 2nd period - Snap shot by Antti Suomela.
13:17 of 2nd period - Shot Misses the Net.
14:03 of 2nd period - Snap shot by Alan Quine.
14:03 of 2nd period - Shot Misses the Net.
14:05 of 2nd period - Snap shot by Jake Bean.
14:05 of 2nd period - Stopped by Cayden Primeau with a rebound.
14:07 of 2nd period - Snap shot by Conor Garland.
14:07 of 2nd period - Shot Hit the Post.
14:09 of 2nd period - Slapshot by Christian Wolanin.
14:09 of 2nd period - Shot Blocked by Victor Mete.
14:11 of 2nd period - Snap shot by Christian Wolanin.
14:11 of 2nd period - Stopped by Cayden Primeau with a rebound.
14:13 of 2nd period - Slapshot by Jake Bean.
14:13 of 2nd period - Shot Blocked by Corey Shueneman.
15:25 of 2nd period - Wrist shot by Conor Garland.
15:25 of 2nd period - Stopped by Cayden Primeau without a rebound.
15:26 of 2nd period - Brett Seney wins face-off versus Cedric Paquette in Wolves zone.
17:16 of 2nd period - Jake Evans is hit by Valeri Nichushkin and loses puck.
Goals for this period are 4 for Devils vs 0 for Wolves.
Shots for this period are 21 for Devils vs 3 for Wolves.
3rd period
0:01 of 3rd period - Brett Seney wins face-off versus Victor Olofsson in neutral zone.
0:03 of 3rd period - Ilya Lyubushkin is hit by Jalen Chatfield and loses puck.
0:26 of 3rd period - Jalen Chatfield is hit by Alan Quine and loses puck.
0:33 of 3rd period - Snap shot by Alan Quine.
0:33 of 3rd period - Stopped by Cayden Primeau with a rebound.
0:35 of 3rd period - Snap shot by Mason Marchment.
0:35 of 3rd period - Shot Misses the Net.
0:37 of 3rd period - Snap shot by Alan Quine.
0:37 of 3rd period - Shot Misses the Net.
0:39 of 3rd period - Slapshot by Mason Marchment.
0:39 of 3rd period - Shot Blocked by Jalen Chatfield.
0:57 of 3rd period - Wrist shot by Thomas Spelling.
0:57 of 3rd period - Shot Misses the Net.
1:29 of 3rd period - Snap shot by Philip Larsen.
1:29 of 3rd period - Stopped by Juuse Saros without a rebound.
1:30 of 3rd period - Brett Seney wins face-off versus Stelio Mattheos in Devils zone.
1:55 of 3rd period - Kyle Capobianco is hit by Conor Garland and loses puck.
2:00 of 3rd period - Wrist shot by Conor Garland.
2:00 of 3rd period - Shot Blocked by Jacob Middleton.
2:16 of 3rd period - Wrist shot by Alexandre Texier.
2:16 of 3rd period - Shot Blocked by Jacob Middleton.
2:18 of 3rd period - Snap shot by Christian Wolanin.
2:18 of 3rd period - Stopped by Cayden Primeau without a rebound.
2:19 of 3rd period - Antti Suomela wins face-off versus Brett Howden in Wolves zone.
2:19 of 3rd period - Antti Suomela is hit by Alexandre Texier.
2:28 of 3rd period - Off-side.
2:29 of 3rd period - Brett Seney wins face-off versus Antti Suomela in neutral zone.
2:36 of 3rd period - Slapshot by Corey Shueneman.
2:36 of 3rd period - Stopped by Juuse Saros with a rebound.
3:02 of 3rd period - Snap shot by Thomas Spelling.
3:02 of 3rd period - Stopped by Juuse Saros with a rebound.
3:04 of 3rd period - Snap shot by Thomas Spelling.
3:04 of 3rd period - Shot Misses the Net.
3:06 of 3rd period - Slapshot by Antti Suomela.
3:06 of 3rd period - Deflect By Fredrik Olofsson.
3:06 of 3rd period - Deflect By Jonny Brodzinski.
3:06 of 3rd period - Stopped by Juuse Saros with a rebound.
3:08 of 3rd period - Snap shot by Antti Suomela.
3:08 of 3rd period - Shot Blocked by Ilya Lyubushkin.
3:10 of 3rd period - Snap shot by Thomas Spelling.
3:10 of 3rd period - Stopped by Juuse Saros without a rebound.
3:11 of 3rd period - Brett Seney wins face-off versus Cedric Paquette in Devils zone.
3:11 of 3rd period - Brett Seney is hit by Jalen Chatfield.
3:21 of 3rd period - Snap shot by Joonas Donskoi.
3:21 of 3rd period - Stopped by Cayden Primeau without a rebound.
3:22 of 3rd period - Cedric Paquette wins face-off versus Brett Seney in Wolves zone.
3:24 of 3rd period - Minor Penalty to Jalen Chatfield for Hooking.
3:25 of 3rd period - Cedric Paquette wins face-off versus Brett Seney in Wolves zone.
5:24 of 3rd period - Penalty to Jalen Chatfield is over, Jalen Chatfield is back on ice.
5:31 of 3rd period - Kyle Capobianco is hit by Cristiano Digiacinto.
5:40 of 3rd period - Off-side.
5:41 of 3rd period - Pierre-Luc Dubois wins face-off versus Brett Howden in neutral zone.
5:46 of 3rd period - Wrist shot by Pierre-Luc Dubois.
5:46 of 3rd period - Shot Blocked by Alexandre Texier.
5:52 of 3rd period - Wrist shot by Brett Howden.
5:52 of 3rd period - Shot Misses the Net.
6:22 of 3rd period - Joonas Donskoi is hit by Kyle Capobianco and loses puck.
6:29 of 3rd period - Wrist shot by Antti Suomela.
6:29 of 3rd period - Shot Hit the Post.
6:31 of 3rd period - Snap shot by Fredrik Olofsson.
6:31 of 3rd period - Stopped by Juuse Saros with a rebound.
7:17 of 3rd period - Wrist shot by Antti Suomela.
7:17 of 3rd period - Shot Misses the Net.
7:24 of 3rd period - Icing by Jonny Brodzinski.
7:25 of 3rd period - Reid Boucher wins face-off versus Jake Evans in Devils zone.
7:25 of 3rd period - Reid Boucher is hit by Jake Evans.
7:35 of 3rd period - Slapshot by Brett Seney.
7:35 of 3rd period - Shot Misses the Net.
8:14 of 3rd period - Minor Penalty to Jonah Gadjovich for Elbowing.
8:15 of 3rd period - Cedric Paquette wins face-off versus Joonas Donskoi in Wolves zone.
8:15 of 3rd period - Cedric Paquette is hit by Valeri Nichushkin.
8:45 of 3rd period - Slapshot by Ilya Lyubushkin.
8:45 of 3rd period - Stopped by Cayden Primeau without a rebound.
8:46 of 3rd period - Antti Suomela wins face-off versus Brett Seney in Wolves zone.
9:11 of 3rd period - Antti Suomela is hit by Conor Garland and loses puck.
9:44 of 3rd period - Victor Mete is hit by Conor Garland and loses puck.
10:14 of 3rd period - Penalty to Jonah Gadjovich is over, Jonah Gadjovich is back on ice.
10:39 of 3rd period - Backhand shot by Jonny Brodzinski.
10:39 of 3rd period - Shot Misses the Net.
11:05 of 3rd period - Wrist shot by Ilya Lyubushkin.
11:05 of 3rd period - Stopped by Cayden Primeau with a rebound.
11:57 of 3rd period - Kyle Capobianco is hit by Wyatt Kalynuk and loses puck.
12:12 of 3rd period - Slapshot by Jonny Brodzinski.
12:12 of 3rd period - Goal by Jonny Brodzinski - Devils : 8 - Wolves : 2.
12:13 of 3rd period - Brett Seney wins face-off versus Antti Suomela in neutral zone.
12:15 of 3rd period - Valeri Nichushkin is hit by Antti Suomela and loses puck.
12:38 of 3rd period - Christian Wolanin is hit by Philip Larsen.
13:04 of 3rd period - Eeli Tolvanen is hit by Jonah Gadjovich and loses puck.
13:30 of 3rd period - Off-side.
13:31 of 3rd period - Antti Suomela wins face-off versus Brett Seney in neutral zone.
13:34 of 3rd period - Valeri Nichushkin is hit by Fredrik Olofsson and loses puck.
14:08 of 3rd period - Minor Penalty to Cedric Paquette for Diving.
14:09 of 3rd period - Brett Seney wins face-off versus Hayden Hodgson in Wolves zone.
14:17 of 3rd period - Slapshot by Joonas Donskoi.
14:17 of 3rd period - Shot Blocked by Philip Larsen.
14:19 of 3rd period - Wrist shot by Joonas Donskoi.
14:19 of 3rd period - Shot Blocked by Philip Larsen.
14:21 of 3rd period - Snap shot by Joonas Donskoi.
14:21 of 3rd period - Deflect By Brett Seney.
14:21 of 3rd period - Stopped by Cayden Primeau without a rebound.
14:22 of 3rd period - Antti Suomela wins face-off versus Valeri Nichushkin in Wolves zone.
14:55 of 3rd period - Wrist shot by Alan Quine.
14:55 of 3rd period - Deflect By Conor Garland.
14:55 of 3rd period - Shot Misses the Net.
14:55 of 3rd period - Puck is out of play.
14:56 of 3rd period - Antti Suomela wins face-off versus Brett Seney in Wolves zone.
15:09 of 3rd period - Wrist shot by Joonas Donskoi.
15:09 of 3rd period - Stopped by Cayden Primeau with a rebound.
15:41 of 3rd period - Icing by Ilya Lyubushkin.
15:42 of 3rd period - Jasper Weatherby wins face-off versus Brett Seney in Devils zone.
16:03 of 3rd period - Wrist shot by Conor Garland.
16:03 of 3rd period - Shot Misses the Net.
16:08 of 3rd period - Penalty to Cedric Paquette is over, Cedric Paquette is back on ice.
17:09 of 3rd period - Off-side.
17:10 of 3rd period - Cedric Paquette wins face-off versus Brett Seney in neutral zone.
17:24 of 3rd period - Off-side.
17:25 of 3rd period - Thomas Spelling wins face-off versus Alan Quine in neutral zone.
17:30 of 3rd period - Wrist shot by Antti Suomela.
17:30 of 3rd period - Deflect By Fredrik Olofsson.
17:30 of 3rd period - Deflect By Darren Dietz.
17:30 of 3rd period - Shot Blocked by Ilya Lyubushkin.
17:30 of 3rd period - Puck is out of play.
17:31 of 3rd period - Thomas Spelling wins face-off versus Alan Quine in Devils zone.
17:46 of 3rd period - Snap shot by Antti Suomela.
17:46 of 3rd period - Goal by Antti Suomela - Devils : 8 - Wolves : 3.
17:47 of 3rd period - Cedric Paquette wins face-off versus Brett Seney in neutral zone.
17:52 of 3rd period - Wrist shot by Victor Olofsson.
17:52 of 3rd period - Stopped by Juuse Saros with a rebound.
17:56 of 3rd period - Wrist shot by Cedric Paquette.
17:56 of 3rd period - Stopped by Juuse Saros without a rebound.
17:57 of 3rd period - Cedric Paquette wins face-off versus Brett Seney in Devils zone.
18:06 of 3rd period - Snap shot by Victor Olofsson.
18:06 of 3rd period - Stopped by Juuse Saros without a rebound.
18:07 of 3rd period - Cedric Paquette wins face-off versus Brett Seney in Devils zone.
18:13 of 3rd period - Minor Penalty to Darren Dietz for Interference.
18:14 of 3rd period - Cedric Paquette wins face-off versus Brett Seney in Devils zone.
18:16 of 3rd period - Wrist shot by Victor Olofsson.
18:16 of 3rd period - Goal by Victor Olofsson - Devils : 8 - Wolves : 4.
18:17 of 3rd period - Cedric Paquette wins face-off versus Brett Seney in neutral zone.
18:54 of 3rd period - Icing by Joonas Donskoi.
18:55 of 3rd period - Cedric Paquette wins face-off versus Brett Seney in Devils zone.
19:02 of 3rd period - Snap shot by Cedric Paquette.
19:02 of 3rd period - Goal by Cedric Paquette - Devils : 8 - Wolves : 5.
19:03 of 3rd period - Alan Quine wins face-off versus Cedric Paquette in neutral zone.
19:40 of 3rd period - Slapshot by Victor Olofsson.
19:40 of 3rd period - Shot Misses the Net.
19:42 of 3rd period - Backhand shot by Corey Shueneman.
19:42 of 3rd period - Shot Misses the Net.
19:44 of 3rd period - Slapshot by Corey Shueneman.
19:44 of 3rd period - Shot Blocked by Jonny Brodzinski.
19:58 of 3rd period - Snap shot by Reid Boucher.
19:58 of 3rd period - Shot Misses the Net.
Goals for this period are 1 for Devils vs 3 for Wolves.
Shots for this period are 8 for Devils vs 12 for Wolves.